Map: Eflorescencia EE

Players

GViper

  • Race: Zerg Zerg
  • League: Gold
  • Spawn Location: 3:00

RadiumViper

  • Race: Terran Terran
  • League: Silver
  • Spawn Location: 12:00

TATORREA

  • Race: Protoss Protoss
  • League: Gold
  • Spawn Location: 6:00

MrFercho

  • Race: Zerg Zerg
  • League: Gold
  • Spawn Location: 9:00

VOD

Have the link to the VOD?

Description

Time

  • Played on: July 26, 2020, 9:12 p.m.
  • Length: 17:48
Show
View Real Time Build Order
Export as new Build Order

GViper Zerg 

Build Orders: Hatch First, Lurkers, Roach Hydra 

Get SALT Encoding   

  12  0:01  Drone  
  13  0:09  Drone  
  14  0:17  Overlord  
  14  0:44  Hatchery  
  14  0:49  Drone  
  14  0:52  Drone  
  14  0:54  Drone  
  16  0:58  Extractor  
  16  1:03  Drone  
  16  1:20  Spawning Pool  
  16  1:22  Drone  
  16  1:31  Drone  
  17  1:34  Drone  
  18  1:45  Drone  
  19  1:56  Drone  
  19  2:01  Evolution Chamber  
  19  2:09  Queen  
  19  2:10  Queen  
  19  2:15  Drone  
  24  2:18  Drone  
  26  2:22  Drone  
  26  2:27  Drone  
  27  2:30  Drone  
  27  2:35  Overlord  
  28  2:42  Overlord  
  28  2:53  Extractor  
  28  2:54  Drone  
  28  2:56  Drone x3  
  31  3:00  Zerg Missile Weapons Level 1  
  31  3:13  Roach Warren, Drone  
  31  3:19  Lair  
  31  3:28  Drone x3  
  31  3:30  Drone  
  36  3:34  Drone  
  36  3:37  Drone  
  36  3:39  Drone  
  38  3:42  Drone  
  39  3:53  Drone x3  
  39  3:54  Drone  
  43  4:01  Overlord  
  43  4:09  Drone, Extractor  
  43  4:12  Drone  
  44  4:18  Hydralisk Den  
  44  4:19  Drone  
  44  4:21  Drone  
  45  4:29  Drone  
  45  4:30  Roach x2  
  45  4:31  Roach  
  52  4:32  Evolution Chamber  
  52  4:33  Overlord  
  51  4:46  Glial Reconstitution  
  51  4:48  Burrow  
  51  4:50  Muscular Augments  
  51  4:54  Roach, Zerg Ground Armor Level 1  
  51  4:57  Drone  
  51  4:58  Extractor  
  51  4:59  Drone x2  
  56  5:00  Drone  
  56  5:01  Overlord  
  56  5:05  Overlord  
  56  5:06  Overlord  
  56  5:11  Spore Crawler  
  56  5:14  Spore Crawler, Drone  
  55  5:15  Drone  
  55  5:16  Roach  
  58  5:26  Zerg Missile Weapons Level 2  
  58  5:33  Hydralisk x2  
  58  5:34  Hydralisk  
  64  5:41  Spore Crawler, Drone x2  
  65  5:43  Spore Crawler  
  64  5:50  Drone  
  65  6:07  Hatchery  
  64  6:15  Zergling x2, Hydralisk x3  
  64  6:16  Zergling x4, Roach x2  
  77  6:20  Grooved Spines  
  77  6:22  Tunneling Claws  
  75  6:40  Zergling x2, Hydralisk  
  75  6:41  Zergling x2, Roach x3  
  77  6:50  Extractor  
  70  6:56  Zergling x4, Roach x2, Hydralisk x2  
  70  6:58  Hydralisk  
  72  7:07  Queen  
  70  7:11  Metabolic Boost  
  70  7:15  Zergling x4, Hydralisk  
  65  7:16  Roach  
  70  7:29  Zergling x2, Hydralisk  
  70  7:30  Zergling x2, Drone x14  
  70  7:35  Drone x3  
  70  7:36  Drone x2  
  70  7:37  Drone  
  69  7:53  Drone  
  69  7:56  Zerg Melee Weapons Level 1, Zerg Ground Armor Level 2  
  59  7:58  Hydralisk  
  59  7:59  Roach  
  59  8:01  Zergling x2  
  59  8:22  Spine Crawler  
  59  8:23  Drone x2  
  59  8:24  Drone x2  
  59  8:25  Spine Crawler  
  51  8:38  Drone  
  51  8:39  Spine Crawler, Lurker Den  
  46  8:42  Spine Crawler  
  46  8:46  Hydralisk x3  
  33  9:04  Drone x5  
  33  9:05  Drone  
  39  9:10  Queen  
  37  9:35  Drone x17  
  38  9:38  Lurker x2  
  38  9:39  Lurker x2  
  40  9:50  Queen  
  40  10:02  Queen  
  40  10:04  Drone x4  
  46  10:23  Drone x4  
  46  10:24  Drone x2  
  46  10:26  Drone x2  
  49  10:44  Hydralisk x3  
  49  10:45  Roach x2  
  49  10:46  Roach  
  61  11:04  Drone x2  
  61  11:05  Drone  
  64  11:14  Drone x3  
  64  11:15  Drone x3  
  64  11:16  Drone  
  71  11:20  Drone  
  71  11:21  Spine Crawler x2, Drone  
  71  11:27  Spine Crawler  
  71  11:31  Spine Crawler  
  69  11:39  Drone  
  70  11:45  Infestation Pit  
  69  11:52  Lurker x3  
  72  11:56  Ravager x3  
  75  12:13  Hatchery  
  75  12:14  Extractor  
  75  12:15  Extractor  
  72  12:33  Hydralisk x6  
  84  12:37  Overlord x2  
  84  12:51  Hive  
  84  12:55  Drone x2  
  84  12:56  Drone x3  
  89  13:07  Drone  
  89  13:08  Drone x4  
  94  13:26  Overlord  
  94  13:27  Overlord  
  94  13:28  Overlord  
  94  13:30  Overlord  
  94  13:48  Hydralisk  
  94  13:49  Zergling x8, Roach x2, Hydralisk  
  94  13:52  Roach  
  108  14:14  Hydralisk x5  
  108  14:15  Hydralisk x2  
  122  14:26  Hydralisk  
  100  14:47  Lurker  
  100  14:53  Zergling x4, Hydralisk x3  
  100  14:54  Zergling x2, Roach x3  
  109  15:19  Queen  
  109  15:20  Drone x2  
  109  15:21  Drone x3  
  115  15:22  Drone  
  117  15:57  Hatchery, Extractor  
  116  16:01  Extractor  
  114  16:09  Lurker x3  
  112  16:19  Hydralisk x3  
  112  16:20  Zergling x10, Roach x5, Hydralisk x2  
  112  16:21  Zergling x2  
  128  16:54  Overseer  
  128  16:55  Overlord, Overseer  
  128  16:56  Overlord  
  128  17:07  Hydralisk  
  128  17:08  Hydralisk x8  
Show
View Real Time Build Order
Export as new Build Order

RadiumViper Terran 

Build Orders:  

Get SALT Encoding   

  12  0:01  SCV  
  13  0:13  SCV  
  14  0:20  Supply Depot  
  14  0:25  SCV  
  15  0:42  SCV  
  16  0:43  Barracks  
  16  0:46  Refinery  
  16  0:54  SCV  
  17  1:02  Barracks  
  17  1:06  SCV  
  18  1:18  SCV  
  19  1:26  Refinery  
  19  1:33  Orbital Command  
  19  1:38  Supply Depot  
  19  1:41  Marine  
  20  1:51  Marine  
  21  1:58  Factory  
  21  2:03  Marine  
  21  2:07  SCV  
  23  2:18  Barracks Tech Lab  
  23  2:19  SCV  
  24  2:31  SCV  
  25  2:45  Command Center  
  25  2:52  SCV  
  25  2:54  Barracks Tech Lab  
  25  2:55  Barracks Reactor  
  26  2:59  Siege Tank  
  26  3:05  SCV  
  30  3:08  Supply Depot  
  30  3:12  Engineering Bay  
  30  3:23  Starport  
  30  3:26  Marine  
  31  3:35  SCV  
  32  3:51  SCV, Barracks  
  33  3:56  Siege Tank  
  36  4:05  Starport Reactor  
  36  4:08  Missile Turret, Marine  
  37  4:12  SCV  
  37  4:14  SCV  
  39  4:22  Refinery, Marine  
  40  4:25  Marine  
  40  4:27  SCV  
  42  4:41  Barracks Reactor  
  42  4:42  Missile Turret  
  42  4:43  Terran Infantry Weapons Level 1  
  42  4:45  Stimpack  
  42  4:47  SCV  
  42  4:49  SCV  
  44  4:54  Medivac  
  44  4:57  Marine  
  44  4:58  Marine  
  48  5:00  Marine  
  48  5:02  SCV  
  48  5:05  SCV  
  51  5:09  Medivac  
  53  5:25  Refinery  
  53  5:36  Supply Depot, Siege Tank  
  56  5:44  Command Center  
  56  5:46  Marine  
  56  5:47  Marine  
  58  5:50  Marine  
  59  5:58  Orbital Command  
  59  6:11  Sensor Tower  
  59  6:13  Liberator  
  59  6:18  Medivac  
  58  6:49  Marine x4  
  62  7:06  Marine  
  62  7:07  Marine x2  
  64  7:21  Marine  
  54  7:24  Marine x3  
  47  7:41  Marine  
  47  7:42  Supply Depot, Marine  
  49  7:46  Supply Depot  
  50  7:51  SCV  
  50  7:53  Viking  
  50  7:57  Viking  
  54  7:59  Marine  
  55  8:13  Marine x2  
  55  8:14  Marine  
  55  8:17  Siege Tank  
  57  8:33  Marine x4  
  61  8:42  Terran Infantry Armor Level 1  
  61  8:46  Combat Shield  
  60  8:49  Viking  
  60  8:51  Marine x3  
  65  9:08  Marine  
  65  9:09  Marine x3  
  69  9:11  Viking  
  71  9:20  Missile Turret  
  71  9:22  Missile Turret  
  71  9:41  Liberator  
  71  9:45  Orbital Command  
  74  9:56  Medivac  
  74  9:57  Marine x3  
  74  9:58  Marine  
  80  10:02  Siege Tank  
  83  10:11  SCV  
  84  10:15  Marine x4  
  88  10:22  Armory  
  88  10:37  Refinery, Marine x4  
  81  10:55  Marine x4  
  84  10:57  Siege Tank  
  84  10:59  Medivac  
  88  11:12  Marine  
  88  11:13  Marine x2  
  89  11:27  Marine  
  89  11:29  Viking  
  89  11:30  Marine  
  89  11:32  Marine x2  
  93  11:35  SCV  
  93  11:41  Siege Tank  
  93  11:45  Marine  
  94  11:47  SCV  
  94  11:48  Marine  
  95  12:00  SCV  
  96  12:10  SCV  
  96  12:11  SCV  
  98  12:22  Bunker  
  98  12:26  SCV x2  
  98  12:27  Marine x3  
  98  12:28  Marine  
  104  12:43  SCV  
  105  12:46  Refinery  
  105  12:48  Refinery  
  105  12:50  Medivac  
  107  12:51  Marine x2  
  109  13:00  SCV, Marine x2  
  112  13:09  Marine  
  112  13:12  SCV  
  91  13:59  Marine x4  
  71  14:13  Viking  
  71  14:14  Viking, SCV  
  71  14:15  SCV  
  71  14:17  Marine x4  
  51  14:34  Marine  
  51  14:35  Marine x3  
  51  14:36  SCV  
  51  14:37  SCV, Barracks  
  57  14:38  Barracks  
  57  14:39  Siege Tank  
  59  14:52  Marine x2  
  59  14:54  SCV x2  
  63  15:01  Marine x2  
  65  15:10  Marine  
  66  15:15  Viking  
  66  15:16  Viking  
  66  15:18  Cyclone  
  66  15:20  Marine x3  
  76  15:31  Terran Ship Weapons Level 1  
  76  15:32  Factory  
  76  15:35  SCV x2  
  77  15:38  SCV  
  79  15:45  Viking  
  81  15:50  SCV, Viking  
  84  16:02  SCV  
  85  16:06  Marine x3  
  85  16:07  Marine  
  89  16:14  SCV  
  90  16:31  Viking x2  
  94  16:49  SCV x2, Marine  
  97  17:01  Viking x2  
  101  17:23  Marine  
  101  17:24  Marine x5  
  101  17:29  SCV  
  108  17:39  Supply Depot  
  109  17:48  Starport  
Show
View Real Time Build Order
Export as new Build Order

TATORREA Protoss 

Build Orders:  

Get SALT Encoding   

  12  0:04  Probe  
  13  0:16  Probe  
  14  0:21  Pylon  
  14  0:28  Probe  
  15  0:42  Gateway  
  15  0:52  Probe  
  15  0:56  Assimilator  
  16  1:00  Assimilator  
  16  1:03  Pylon  
  16  1:04  Probe  
  17  1:12  Probe  
  18  1:21  Probe  
  19  1:29  Probe, Gateway  
  19  1:37  Probe  
  20  1:45  Gateway  
  21  1:48  Probe  
  21  2:05  Zealot  
  23  2:11  Probe, Cybernetics Core  
  24  2:22  Gateway  
  24  2:23  Zealot  
  26  2:32  Pylon  
  26  2:37  Warp Gate  
  26  2:41  Probe  
  27  2:50  Stalker  
  29  2:52  Sentry  
  29  2:57  Stalker  
  33  3:07  Twilight Council  
  33  3:16  Stalker  
  35  3:21  Sentry  
  35  3:25  Zealot  
  39  3:28  Charge  
  39  3:41  Pylon  
  39  3:59  Stalker  
  41  4:06  Shield Battery  
  41  4:07  Shield Battery  
  41  4:25  Robotics Facility  
  41  4:40  Nexus  
  41  4:44  Pylon  
  41  4:48  Probe  
  42  5:00  Stalker  
  42  5:03  Zealot  
  42  5:05  Probe  
  47  5:14  Immortal  
  51  5:29  Probe  
  51  5:35  Blink  
  52  5:41  Probe  
  53  5:53  Probe  
  54  6:01  Zealot x2  
  54  6:03  Probe  
  59  6:05  Probe  
  59  6:10  Zealot  
  62  6:15  Probe, Zealot  
  65  6:24  Probe  
  66  6:27  Probe  
  53  7:11  Zealot x3  
  53  7:12  Zealot  
  53  7:13  Probe x2  
  59  7:19  Assimilator  
  53  7:23  Assimilator  
  53  7:25  Probe x2  
  43  7:47  Stargate  
  43  7:49  Pylon  
  43  7:51  Probe x2, Stargate  
  39  7:53  Pylon  
  39  7:57  Stalker  
  39  7:58  Stalker x3  
  47  8:03  Probe x2  
  49  8:15  Probe  
  50  8:25  Immortal, Nexus  
  54  8:33  Pylon  
  54  8:35  Pylon  
  54  8:36  Void Ray  
  58  8:47  Void Ray  
  62  8:53  Probe x2  
  64  9:01  Protoss Air Weapons Level 1  
  64  9:05  Probe x2  
  66  9:16  Fleet Beacon  
  66  9:17  Probe  
  66  9:18  Probe  
  68  9:28  Void Ray  
  72  9:39  Void Ray  
  72  9:40  Probe  
  72  9:42  Probe  
  72  9:44  Probe  
  79  9:53  Probe  
  79  9:54  Probe, Assimilator  
  79  9:56  Probe  
  79  9:57  Assimilator  
  82  10:01  Flux Vanes  
  82  10:05  Probe  
  82  10:06  Zealot  
  85  10:07  Pylon  
  85  10:08  Zealot  
  87  10:18  Tempest  
  92  10:22  Probe x2  
  92  10:23  Probe  
  95  10:36  Stalker x3  
  95  10:40  Tempest  
  106  10:44  Protoss Air Armor Level 1  
  106  11:09  Nexus  
  106  11:12  Pylon  
  106  11:14  Pylon  
  106  11:21  Tempest  
  106  11:22  Gateway  
  111  11:26  Gateway  
  111  11:31  Gateway  
  111  11:32  Forge  
  111  11:34  Forge  
  111  11:39  Forge  
  111  11:42  Pylon, Observer  
  112  11:55  Probe x3  
  115  12:02  Protoss Ground Weapons Level 1  
  115  12:03  Protoss Shields Level 1, Protoss Ground Armor Level 1  
  115  12:04  Observer  
  115  12:07  Probe x3  
  119  12:18  Pylon  
  119  12:20  Zealot x2  
  119  12:21  Pylon, Zealot x3  
  129  12:26  Pylon  
  129  12:29  Probe x3  
  132  12:30  Probe, Pylon  
  132  12:34  Robotics Bay  
  133  12:39  Assimilator  
  133  12:41  Probe x3  
  133  12:43  Carrier, Assimilator  
  136  12:51  Carrier, Protoss Air Weapons Level 2  
  148  13:10  Templar Archives  
  148  13:20  Colossus  
  148  13:23  Extended Thermal Lance  
  148  13:25  Zealot x3  
  160  13:27  Zealot  
  116  13:53  Zealot x5  
  116  13:54  Zealot  
  81  14:14  Colossus  
  87  14:18  Zealot x3  
  87  14:19  Zealot  
  73  14:44  Zealot x3  
  73  14:45  Zealot  
  57  15:08  Colossus  
  63  15:16  Zealot x3  
  63  15:17  Zealot  
  71  15:25  Gateway  
  71  15:27  Gateway x2  
  71  15:40  Nexus  
  71  15:43  Gateway  
  71  15:45  Pylon  
  71  15:49  Pylon, Carrier x2  
  71  15:53  Gateway x2  
  51  16:26  Zealot x2  
  51  16:27  Zealot x4  
  51  16:28  Zealot  
  34  17:32  Zealot x2  
  34  17:33  Zealot x4  
Show
View Real Time Build Order
Export as new Build Order

MrFercho Zerg 

Build Orders: Hatch First 

Get SALT Encoding   

  12  0:10  Overlord  
  12  0:13  Drone  
  13  0:18  Drone  
  14  0:38  Drone x2  
  16  0:54  Drone  
  17  0:58  Drone  
  17  0:59  Hatchery  
  17  1:04  Drone  
  18  1:11  Extractor  
  18  1:18  Spawning Pool  
  16  1:25  Drone  
  17  1:27  Drone  
  18  1:37  Drone  
  19  1:50  Drone  
  20  2:02  Overlord  
  20  2:06  Queen  
  22  2:12  Queen  
  22  2:14  Zergling x4  
  26  2:20  Drone  
  27  2:23  Metabolic Boost  
  27  2:25  Drone  
  28  2:31  Drone  
  28  2:34  Drone  
  30  2:41  Drone  
  31  2:47  Drone  
  31  2:48  Baneling Nest  
  31  3:00  Drone x2  
  31  3:02  Drone  
  34  3:06  Drone  
  34  3:07  Evolution Chamber  
  34  3:10  Queen  
  36  3:14  Overlord  
  36  3:34  Overlord  
  36  3:37  Drone x6  
  42  3:45  Queen  
  44  3:55  Hatchery  
  43  4:00  Drone x2  
  45  4:03  Zergling x8  
  49  4:21  Zerg Melee Weapons Level 1  
  50  4:24  Zergling x6  
  50  4:25  Overlord  
  50  4:26  Overlord x2  
  52  5:03  Zergling x8  
  52  5:04  Zergling x8  
  60  5:20  Baneling x2  
  60  5:21  Baneling x4  
  60  5:23  Baneling x5  
  60  5:24  Baneling x3  
  60  5:26  Zergling x16  
  68  5:40  Zergling x16  
  76  6:00  Zergling x4  
  76  6:01  Zergling x4  
  53  6:41  Zergling x2  
  53  6:42  Zergling x32  
  65  7:03  Zergling x12  
  65  7:05  Overlord x2  
  71  7:12  Lair  
  70  7:16  Zergling x10  
  66  7:26  Zergling x12  
  66  7:27  Zergling x4  
  62  7:37  Baneling x2  
  62  7:38  Baneling x8  
  62  7:45  Zergling x10  
  66  7:54  Zergling x8  
  66  7:55  Zergling x8  
  66  7:58  Zergling x2  
  62  8:25  Zergling x22  
  62  8:45  Zergling x22  
  73  8:53  Extractor  
  71  8:57  Zerg Melee Weapons Level 2  
  71  9:03  Baneling x2  
  71  9:04  Baneling  
  71  9:05  Baneling  
  71  9:07  Zergling x2  
  71  9:08  Zergling x14  
  64  9:36  Zergling x24  
  74  9:39  Queen x2  
  75  9:52  Zergling x10  
  71  9:53  Zergling x4  
  73  10:00  Overlord x4  
  73  10:08  Centrifical Hooks  
  73  10:22  Zergling x2  
  73  10:23  Zergling x16  
  73  10:26  Baneling x3  
  64  10:52  Zergling x20  
  64  10:53  Zergling x8  
  69  11:08  Zergling x2  
  69  11:09  Zergling x8  
  74  11:17  Hydralisk Den  
  73  11:20  Drone x8  
  59  11:48  Overseer  
  54  11:57  Hydralisk  
  54  11:58  Hydralisk x6  
  67  12:18  Hatchery  
  66  12:24  Grooved Spines  
  66  12:30  Hatchery  
  66  12:33  Extractor  
  66  12:34  Zerg Missile Weapons Level 1, Extractor  
  63  12:57  Drone x7  
  63  12:58  Drone x6  
  76  13:01  Zergling x2  
  76  13:02  Zergling x16  
  85  13:13  Evolution Chamber  
  85  13:15  Lurker Den  
  83  13:23  Infestation Pit  
  79  13:40  Hydralisk x7  
  78  13:50  Drone  
  78  13:51  Drone x3  
  78  13:52  Drone  
  79  14:10  Hive  
  77  14:19  Hydralisk x3  
  67  14:34  Overseer  
  67  14:37  Hydralisk x2  
  67  14:40  Zergling x10  
  72  15:00  Zergling x12  
  69  15:16  Extractor  
  68  15:22  Seismic Spines  
  68  15:26  Lurker x2  
  64  16:08  Zergling x14  
Tags
 
Add a new tag
Caveats
  • Supply blocks, unpowered buildings, or Contaminate may cause inaccurate times.
  • Supply counts are checked every 10 seconds.